 Dungeon Crawl Stone Soup version 0.28-a0-1312-g71652a0310 (webtiles) character file.

Game seed: 16313959403448203437

672 bande the Covered (level 7, -1/44 HPs)
             Began as a Gargoyle Fighter on Dec 28, 2021.
             Slain by an orc warrior (8 damage)
             ... on level 5 of the Dungeon.
             The game lasted 00:08:52 (6241 turns).

bande the Covered (Gargoyle Fighter)                Turns: 6241, Time: 00:08:53

Health: -1/44      AC: 14    Str: 21    XL:     7   Next: 58%
Magic:  7/7        EV: 11    Int:  9    God:
Gold:   199        SH:  8    Dex:  9    Spells: 6/6 levels left

rFire   . . .      SeeInvis .   a - +1 war axe
rCold   . . .      Faith    .   j - +0 kite shield
rNeg    + . .      Spirit   .   b - +0 scale mail
rPois   ∞          Reflect  .   c - +0 helmet
rElec   +          Harm     .   (no cloak)
rCorr   +          Rampage  .   l - +0 pair of gloves
Will    .....                   (no boots)
Stlth   ..........              (no amulet)
HPRegen 0.14/turn               i - ring of resist corrosion
MPRegen 0.10/turn               p - +4 ring of evasion

@: no status effects
A: sickness immunity, AC +4, negative energy resistance 1, electricity
resistance, torment resistance 1, petrification resistance
a: no special abilities


You were on level 5 of the Dungeon.
You visited 1 branch of the dungeon, and saw 5 of its levels.

You collected 199 gold pieces.

Inventory:

Hand Weapons
 a - a +1 war axe (weapon)
 m - a +0 flail
Armour
 b - a +0 scale mail (worn)
 c - a +0 helmet (worn)
 j - a +0 kite shield (worn)
 l - a +0 pair of gloves (worn)
Jewellery
 i - a ring of resist corrosion (left hand)
 p - a +4 ring of evasion (right hand)
Wands
 k - a wand of flame (35)
Potions
 d - a potion of might
 e - 2 potions of heal wounds
 f - 2 potions of degeneration {unknown}
 g - 4 potions of flight {unknown}
 h - a potion of curing {unknown}
 n - a potion of resistance {unknown}
 o - a potion of magic {unknown}


   Skills:
 + Level 4.5 Fighting
 + Level 4.8 Axes
 + Level 5.1 Armour
 + Level 4.8 Shields
 * Level 2.2 Evocations


You had 6 spell levels left.
You didn't know any spells.
Your spell library contained the following spells:

 Spells                   Type           Power      Damage    Failure   Level
 Wereblood                Tmut           0%         N/A       99%         2
 Summon Hydra             Summ           0%         N/A       100%        7
 Sublimation of Blood     Necr           Unusable   N/A       N/A         2

Dungeon Overview and Level Annotations

Branches:
Dungeon (5/15)
 Temple: D:4-7

Altars:
Fedhas
Xom


Innate Abilities, Weirdness & Mutations

You are immune to sickness and miasma.
Your stone body is resilient. (AC +4)
You are immune to poison.
You resist negative energy. (rN+)
You are resistant to electric shocks. (rElec)
You are resistant to unholy torment.
You are immune to petrification.


Message History

You closely miss the orc warrior.
The orc warrior is moderately wounded.
You closely miss the orc. You completely miss something.
Something hits you but does no damage.
An orc comes into view. It is wielding a +0 flail.
The orc hits you but does no damage. The orc warrior misses you.
Something hits you but does no damage.
The orc shouts!
The orc hits you but does no damage. The orc warrior closely misses you.
Unknown command.
The orc misses you.
You're too confused to move!
The orc closely misses you. The orc warrior barely misses you.
Unknown command.
You closely miss the orc warrior.
The orc warrior is moderately wounded.
You barely miss the orc. You closely miss something.
The orc warrior hits you but does no damage.
Something hits you but does no damage.
An orc comes into view. It is wielding a +0 mace of protection.
The orc barely misses you.
The orc warrior hits you with a +0 hand axe!
* * * LOW HITPOINT WARNING * * *
You feel less confused. Something hits you but does no damage.
The orc throws a boomerang.
The boomerang barely misses you.
The orc warrior hits you with a +0 hand axe.
* * * LOW HITPOINT WARNING * * *
Unknown command.
You hit something. You hit the orc.
You kill the orc!
You hit the orc warrior.
You hit the orc warrior but do no damage.
You hear some strange, mumbled words.
A puff of flame appears from out of thin air!
The puff of flame hits you.
* * * LOW HITPOINT WARNING * * *
You block the orc warrior's attack.
The orc warrior hits you with a +0 hand axe!
You die...

#.....######...###.....#
##.........#...###.....#
#.........'....<......#
#.........#...........#
#.........#...........#
#.........#...........#
#.........#+####.##...#
######....)..# ### ...#
+....o@.# ...# #....o{o#
...# #.......# #....)o.#
#....o..# ...........#
...........#
...........#
...........#


You could see 2 orc warriors and 3 orcs.

Vanquished Creatures
  Eustachio (D:4)
  A necrophage (D:4)
  A bullfrog zombie (D:4)
  An orc priest (D:5)
  2 bullfrog skeletons
  Terence (D:2)
  2 orc wizards (D:4)
  Natasha (thrice) (D:2)
  A gnoll (D:1)
  8 adders
  2 worms
  A dart slug (D:1)
  9 orcs
  7 endoplasms
  3 giant cockroaches
  5 hobgoblins
  5 quokkas
  12 ball pythons
  5 bats
  4 frilled lizards
  7 goblins
  4 kobolds
  A quokka skeleton (D:4)
  8 rats
94 creatures vanquished.

Notes
Turn   | Place    | Note
-------+----------+-------------------------------------------
     0 | D:1      | bande the Gargoyle Fighter began the quest for the Orb.
     0 | D:1      | Reached XP level 1. HP: 14/14 MP: 1/1
   273 | D:1      | Reached XP level 2. HP: 18/19 MP: 2/2
   334 | D:1      | Found a faded altar of an unknown god.
   796 | D:1      | Reached XP level 3. HP: 4/23 MP: 3/3
  1699 | D:2      | Found a shimmering altar of Xom.
  1922 | D:2      | Noticed Natasha
  1933 | D:2      | Killed Natasha
  1934 | D:2      | Reached skill level 4 in Armour
  1934 | D:2      | Reached XP level 4. HP: 26/29 MP: 4/4
  1990 | D:2      | Noticed Terence
  2000 | D:2      | Killed Terence
  2410 | D:2      | Noticed Natasha
  2427 | D:2      | Killed Natasha
  2428 | D:2      | Reached XP level 5. HP: 5/33 MP: 5/5
  3061 | D:2      | Noticed Natasha
  3074 | D:2      | Killed Natasha
  3619 | D:3      | Reached XP level 6. HP: 38/38 MP: 6/6
  4790 | D:4      | Reached skill level 1 in Evocations
  4842 | D:4      | Noticed Eustachio
  4941 | D:4      | Killed Eustachio
  4942 | D:4      | Reached XP level 7. HP: 31/43 MP: 7/7
  5297 | D:4      | Reached skill level 5 in Armour
  6113 | D:4      | Found a blossoming altar of Fedhas.
  6191 | D:5      | Entered Level 5 of the Dungeon
  6241 | D:5      | Slain by an orc warrior

Illustrated notes

Levels and vault maps discovered:
D:1:      ncdulo_smallfort, layout_loops_ring, nicolae_ecumenical_snake_handling
D:2:      layout_basic, basic_altar, minmay_misc_feat_chi, uniq_natasha,
          uniq_terence
D:3:      layout_basic, minmay_starry_boxes
D:4:      layout_rooms, lemuel_coloured_pillars_altar, uniq_eustachio
D:5:      layout_gridville, kiku_gazebo_garden_becter, minmay_temple_entry_grid,
          hangedman_decor_peaks_small

Skill      XL: |  1  2  3  4  5  6  7 |
---------------+----------------------+-----
Axes           | 2 3 4 |  4.8
Armour         | 4 5 |  5.1
Shields        | 4 |  4.8
Fighting       | 4 |  4.5
Evocations     | 1 2 |  2.2

Action                   |  1- 3 |  4- 6 |  7- 9 || total
-------------------------+-------+-------+-------++-------
Melee: War axe           |    94 |   162 |    55 ||   311
  Use: Scroll            |     4 |     2 |     1 ||     7
       Potion            |       |       |     1 ||     1
Armor: Scale mail        |    55 |   135 |    46 ||   236
Dodge: Dodged            |    44 |   106 |    38 ||   188
Block: Buckler           |    19 |     2 |       ||    21
       Kite shield       |       |   106 |    33 ||   139

Table legend: (Time is in decaauts)
 A = Elapsed time spent in this place.
 B = Non-inter-level travel time spent in this place.
 C = Inter-level travel time spent in this place.
 D = Time resting spent in this place.
 E = Time spent auto-exploring this place.
 F = Levels seen in this place.
 G = Mean time per level.
                   A        B        C        D        E       F      G
               +--------+--------+--------+--------+--------+-----+--------+
         Total |   6415 |   6340 |     75 |   2600 |   2690 |   5 | 1283.0 |
       Dungeon |   6415 |   6340 |     75 |   2600 |   2690 |   5 | 1283.0 |
               +--------+--------+--------+--------+--------+-----+--------+

Top non-repeatable levels by time:
     D:2: 1843 daAuts
     D:1: 1607 daAuts
     D:3: 1507 daAuts
     D:4: 1403 daAuts
     D:5: 54 daAuts
